 Dungeon Crawl Stone Soup version 0.29-a0-284-gf9362112df (webtiles) character file.

Game seed: 3583453281055736736

7 sammy202020 the Skirmisher (level 1, -1/18 HPs)
             Began as a Demonspawn Berserker on Mar 29, 2022.
             Was a Follower of Trog.
             Slain by a hobgoblin (4 damage)
             ... on level 1 of the Dungeon.
             The game lasted 00:00:18 (72 turns).

sammy202020 the Skirmisher (Demonspawn Berserker)     Turns: 72, Time: 00:00:19

Health: -1/18      AC:  2    Str: 17    XL:     1   Next: 83%
Magic:  1/1        EV: 12    Int:  8    God:    Trog [*.....]
Gold:   16         SH:  0    Dex: 12    Spells: 0/0 levels left

rFire   . . .      SeeInvis .   a - +0 hand axe
rCold   . . .      Faith    .   (no shield)
rNeg    . . .      Spirit   .   b - +0 animal skin
rPois   .          Reflect  .   (no helmet)
rElec   .          Harm     .   (no cloak)
rCorr   .          Rampage  .   (no gloves)
Will    .....                   (no boots)
Stlth   +.........              (no amulet)
HPRegen 0.06/turn               (no ring)
MPRegen 0.07/turn               (no ring)

@: no status effects
A: no striking features
a: Renounce Religion, Berserk


You were on level 1 of the Dungeon.
You worshipped Trog.
Trog was aware of your devotion.
You visited 1 branch of the dungeon, and saw 1 of its levels.

You collected 16 gold pieces.

Inventory:

Hand Weapons
 a - a +0 hand axe (weapon)
Armour
 b - a +0 animal skin (worn)
Scrolls
 c - a scroll of fog {unknown}


   Skills:
 * Level 3.1 Fighting
 * Level 2.8 Axes
 * Level 2.0 Armour
 + Level 1.8 Dodging


You couldn't memorise any spells.
You didn't know any spells.
Your spell library was empty.

Dungeon Overview and Level Annotations

Branches:
Dungeon (1/15)

Altars:


Message History

You kill the ball python!
Trog accepts your kill.
You closely miss the hobgoblin. The hobgoblin hits you.
* * * LOW HITPOINT WARNING * * *
You hit the hobgoblin.
You kill the hobgoblin!
Trog accepts your kill.
You see here a hobgoblin corpse.
You start resting.
You feel a strong urge to attack something.
You start resting.
You are no longer berserk.
You are exhausted.
You feel yourself slow down.
You start resting.
A quokka comes into view.
Found a robe.
You see here a scroll labelled GASTRE KAEDI.
The quokka bites you.
* * * LOW HITPOINT WARNING * * *
The quokka misses you. The quokka barely misses you.
You slash the quokka!
You kill the quokka!
Trog accepts your kill.
Your Armour skill increases to level 2!
c - a scroll labelled GASTRE KAEDI You feel yourself speed up.
You now have 5 gold pieces.
A hobgoblin comes into view.
The hobgoblin shouts!
You hear an angry hiss.
Found a book of Changes.
You recover from your berserk rage.
You now have 16 gold pieces (gained 11).
A rat comes into view.
The hobgoblin hits you but does no damage.
A ball python comes into view.
The hobgoblin hits you.
* * * LOW HITPOINT WARNING * * *
You barely miss the hobgoblin. The hobgoblin hits you.
You die...

###.......#
#........#
#.#.......########
.##..............#
. #
#.#####........#
.S .##.#
#........# ..
#.#.#
#††......###.#
#..#
#.)......#...# ###
#.......@g.#
#........####
#...........#.#
#.............#
#........#[.....
##########...#.:
...... ..#.. 8.8.8


You could see a hobgoblin and a ball python (wandering).

Vanquished Creatures
  A ball python (D:1)
  An endoplasm (D:1)
  2 hobgoblins (D:1)
  A quokka (D:1)
5 creatures vanquished.

Notes
Turn   | Place    | Note
-------+----------+-------------------------------------------
     0 | D:1      | sammy202020 the Demonspawn Berserker began the quest for
                  | the Orb.
     0 | D:1      | Reached XP level 1. HP: 18/18 MP: 1/1
    72 | D:1      | Slain by a hobgoblin

Illustrated notes

Levels and vault maps discovered:
D:1:      minmay_arrival_diagonal_passages, layout_rooms,
          ebering_ecumenical_altar_sacrificial, serial_shops,
          nicolae_shop_temple_entry_statues_fountains, minmay_pentomino_x4

Skill      XL: |  1 |
---------------+----+-----
Armour         | 2 |  2.0
Fighting       | |  3.1
Axes           | |  2.8
Dodging        | |  1.8

Action                   || total
-------------------------++-------
Melee: Hand axe          ||    12
Invok: Berserk           ||     1
Armor: Animal skin       ||     3
Dodge: Dodged            ||     8

Table legend: (Time is in decaauts)
 A = Elapsed time spent in this place.
 B = Non-inter-level travel time spent in this place.
 C = Inter-level travel time spent in this place.
 D = Time resting spent in this place.
 E = Time spent auto-exploring this place.
 F = Levels seen in this place.
 G = Mean time per level.
                   A        B        C        D        E       F      G
               +--------+--------+--------+--------+--------+-----+--------+
         Total |     82 |     82 |      0 |     18 |      7 |   1 |   82.0 |
       Dungeon |     82 |     82 |      0 |     18 |      7 |   1 |   82.0 |
               +--------+--------+--------+--------+--------+-----+--------+

Top non-repeatable levels by time:
     D:1: 82 daAuts
